 Dungeon Crawl Stone Soup version 0.15-a0-198-g2f4809b (webtiles) character file.

191 KaKa the Ruinous (level 3, -2/21 HPs)
             Began as an Octopode Conjurer on Apr 23, 2014.
             Killed from afar by an orc wizard (12 damage)
             ... with a magic dart
             ... on Level 3 of the Dungeon.
             The game lasted 00:08:04 (2080 turns).

KaKa the Ruinous (Octopode Conjurer)                Turns: 2080, Time: 00:08:04

HP  -2/21        AC  1     Str  7      XL: 3   Next: 91%
MP   0/6         EV 12     Int 18      God:
Gold 137         SH  0     Dex 12      Spells:  2 memorised,  3 levels left

rFire  . . .     SeeInvis .     i - +2,+1 whip (venom)
rCold  . . .     Clarity  .     (no shield)
rNeg   . . .     Conserve +     (helmet restricted)
rPois  .         rCorr    .     v - amulet of conservation {unknown}
rElec  .         rRot     .     k - +5,+6 ring of slaying {unknown}
SustAb . .       Spirit   .     (no ring)
rMut   .         Warding  .     (no ring)
Saprov . . .     Stasis   .     (no ring)
MR     .....                    (no ring)
                                (no ring)
                                (no ring)
                                (no ring)

@: not resistant to hostile enchantments, quite stealthy
A: almost no armour, amphibious, 8 rings, constrict 8, camouflage 1, gelatinous
body 1
a: no special abilities


You were on level 3 of the Dungeon.
You were not hungry.

You visited 1 branch of the dungeon, and saw 3 of its levels.

You collected 137 gold pieces.

Inventory:

Hand weapons
 i - a +2,+1 whip of venom (weapon)
Comestibles
 b - 3 bread rations
 f - a lychee
 h - an apple
 u - a meat ration
 x - a chunk of rat flesh
Scrolls
 d - 2 scrolls of remove curse {unknown}
 e - a scroll of enchant weapon I {unknown}
 m - a scroll of identify {unknown}
 p - 2 scrolls of enchant armour {unknown}
 r - a scroll of fog {unknown}
 s - a scroll of magic mapping {unknown}
Jewellery
 k - a +5,+6 ring of slaying (left tentacle) {unknown}
 v - an amulet of conservation (around mantle) {unknown}
Potions
 a - a potion of lignification {unknown}
 g - a potion of restore abilities {unknown}
 j - a potion of haste {unknown}
 l - 3 potions of curing {unknown}
 n - a potion of heal wounds {unknown}
 o - a potion of paralysis {unknown}
 q - a potion of cure mutation {unknown}
 t - a potion of might {unknown}
Books
 c - a book of Conjurations

   Spells                             Type                      Level
   *Magic Dart                        Conjuration                  1
   *Searing Ray                       Conjuration                  2
   Dazzling Spray                     Conjuration/Hexes            3
   Fulminant Prism                    Conjuration/Hexes            4
   Iskenderun's Mystic Blast          Conjuration                  4
   Iskenderun's Battlesphere          Conjuration/Charms           5
Miscellaneous
 w - a plain deck of war


   Skills:
 + Level 0.2 Fighting
 - Level 2.0 Dodging
 - Level 2.6 Stealth
 - Level 2.0 Spellcasting
 + Level 5.3 Conjurations


You had 3 spell levels left.
You knew the following spells:

 Your Spells              Type           Power        Failure   Level  Hunger
a - Magic Dart            Conj           ###.         1%          1    #......
b - Searing Ray           Conj           ###...       3%          2    ##.....


Dungeon Overview and Level Annotations

Branches:
Dungeon (3/15)

Altars:
Kikubaaqudgha
Nemelex Xobeh

Annotations:
D:3 Sigmund


Innate Abilities, Weirdness & Mutations

You cannot wear most types of armour.
You are amphibious.
You can wear up to eight rings at the same time.
You can use your tentacles to constrict many enemies at once.
Your skin changes colour to match your surroundings (Stlth).
Your rubbery body absorbs attacks (AC +1).


Message History

Confirm with . or Enter, or press ? or * to list all spells.
Aiming: Magic Dart
Press: ? - help, Shift-Dir - straight line, f/p - orc wizard
Aim: an orc wizard, wielding a glowing dagger and wearing a robe (severely wounded, moving very quickly)
The magic dart hits the orc wizard.
The orc wizard is almost dead.
The orc wizard completely misses you.
The orc wizard casts a spell.
The orc wizard blinks!
Casting: Magic Dart
Confirm with . or Enter, or press ? or * to list all spells.
Aiming: Magic Dart
Press: ? - help, Shift-Dir - straight line, f/p - orc wizard
Aim: an orc wizard, wielding a glowing dagger and wearing a robe (almost dead, moving very quickly)
The magic dart hits the orc wizard.
The orc wizard is almost dead.
The orc wizard points at you and mumbles some strange words.
The magic dart hits you!
Ouch! That really hurt!
You die...

..... #.##.......#
. ......
#....###...#
......# #....##
..... .......
#.)...# ....
........##.#...#
##.
...........#...#
####.......#...#
#......ยง...#...#
......##@..#...##.


.oo.o #.......... .... #......#### . #......# ####...# #o..# #...# ##### You
could see an orc wizard.

Vanquished Creatures
  A big fish zombie (D:2)
  An ooze (D:1)
  8 bats
  A bat zombie (D:2)
  A giant cockroach (D:2)
  9 goblins
  6 hobgoblins
  A quokka (D:2)
  4 kobolds
  4 rats
  4 rat zombies (D:2)
40 creatures vanquished.

Notes
Turn   | Place    | Note
--------------------------------------------------------------
     0 | D:1      | KaKa, the Octopode Conjurer, began the quest for the Orb.
     0 | D:1      | Reached XP level 1. HP: 11/11 MP: 3/3
   215 | D:1      | Reached XP level 2. HP: 17/17 MP: 2/4
   476 | D:1      | Learned a level 2 spell: Searing Ray
  1031 | D:2      | Reached XP level 3. HP: 21/21 MP: 4/6
  1097 | D:2      | Reached skill level 5 in Conjurations
  1765 | D:2      | Found an ancient bone altar of Kikubaaqudgha.
  1910 | D:2      | Found a sparkling altar of Nemelex Xobeh.
  2045 | D:3      | Noticed Sigmund
  2080 | D:3      | Killed from afar by an orc wizard

Action                   || total
-------------------------++-------
Melee: Whip              ||    16
 Cast: Magic Dart        ||    72
 Stab: Sleeping          ||     3
